 Dungeon Crawl Stone Soup version 0.17-a0-1245-g990a8d8 (webtiles) character file.

337 Raurakos the Insei (level 6, -5/29 HPs)
             Began as a Vine Stalker Transmuter on June 5, 2015.
             Shot with an arrow of frost by a centaur (9 damage)
             ... on level 4 of the Dungeon.
             The game lasted 00:13:21 (3288 turns).

Raurakos the Insei (Vine Stalker Transmuter)        Turns: 3288, Time: 00:13:21

Health: -5/29      AC:  5    Str: 12    XL:     6   Next: 54%
Magic:  0/10       EV: 12    Int: 13    God:
Gold:   191        SH:  0    Dex: 17    Spells: 2 memorised, 5 levels left

rFire  . . .     SeeInvis .       - Unarmed
rCold  + . .     Clarity  .     b - +1 leather armour {rC+}
rNeg   . . .     SustAt   .     (no shield)
rPois  .         Gourm    .     q - +0 helmet
rElec  .         Spirit   +     (no cloak)
rCorr  .         Warding  .     (no gloves)
rMut   .         Stasis   .     (no boots)
MR     .....                    (no amulet)
Stlth  ++........               j - ring of stealth
                                (no ring)

@: not resistant to hostile enchantments, unstealthy
A: fangs 2, regeneration 2, magic shield, antimagic bite, no device heal 3, rot
immunity
a: no special abilities


You were on level 4 of the Dungeon.
You were not hungry.

You visited 1 branch of the dungeon, and saw 4 of its levels.

You collected 191 gold pieces.

Inventory:

Missiles
 e - 18 stones (quivered)
Armour
 b - a +1 leather armour of cold resistance (worn)
 h - a +0 ring mail
 q - a +0 helmet (worn)
Jewellery
 j - a ring of stealth (right hand)
Scrolls
 f - a scroll of identify
 i - 2 scrolls of blinking
 m - 4 scrolls of remove curse
Potions
 g - a potion of haste
 o - a potion of agility
Books
 c - a book of Changes

   Spells                             Type                      Level
   a - Beastly Appendage              Transmutation                1
   b - Sticks to Snakes               Transmutation                2
   c - Spider Form                    Transmutation/Poison         3
   d - Ice Form                       Ice/Transmutation            4
   e - Blade Hands                    Transmutation                5
Comestibles
 d - 4 bread rations
 k - 3 meat rations
 l - 10 fruits


   Skills:
 - Level 0.8 Fighting
 - Level 1.5 Dodging
 + Level 6.3 Unarmed Combat
 - Level 2.1 Spellcasting
 - Level 3.8 Transmutations


You had 5 spell levels left.
You knew the following spells:

 Your Spells              Type           Power        Failure   Level  Hunger
a - Beastly Appendage     Trmt           ##....       10%         1    ##.....
b - Spider Form           Trmt/Pois      #.........   54%         3    ####...


Dungeon Overview and Level Annotations

Branches:
Dungeon (4/15)
 Temple: D:4-7

Altars:
Elyvilon
Nemelex Xobeh
Xom
The Shining One

Annotations:
D:4 ololoev's ghost, average FoSk


Innate Abilities, Weirdness & Mutations

You have extremely sharp teeth.
You heal very quickly.
When hurt, damage is shared between your health and your magic reserves.
Your bite disrupts and absorbs the magic of your enemies.
Potions and wands cannot restore your health.
You are immune to rotting.


Message History

The centaur shouts!
The centaur wields a shortbow.
The centaur shoots an arrow of frost.
The arrow of frost hits you!
You see here an arrow of frost.
The centaur shoots an arrow of frost.
The arrow of frost hits you! The arrow of frost freezes you.
You see here an arrow of frost.
The centaur shoots an arrow of frost.
The arrow of frost hits you!
* * * LOW HITPOINT WARNING * * *
The arrow of frost freezes you.
* * * LOW HITPOINT WARNING * * *
You see here an arrow of frost.
As you open the door, it creaks loudly!
The centaur shoots an arrow of frost.
The arrow of frost hits you.
* * * LOW HITPOINT WARNING * * *
There is an open door here.
A centaur opens the door.
Found a stone staircase leading down.
The centaur shoots an arrow of frost.
The arrow of frost hits you!
You die...

+.....#'### ....
+..>...#.....+...#
......#..##..#.... ###.#
.....#..##..#...#####.#
#...+...+..+...+...'.#
#...#..##..#...#..##.#
#####...#..##..#...#..##+#
.....l.c'......+..†'.....#
........#@.###'#...#..##.#
.......(##'##......#..##.#
.....###((.........#.....#
... #..#.....#+###+##.# .
########## #


You could see a centaur and an iguana (wandering).

Vanquished Creatures
  A giant frog (D:4)
  A water moccasin skeleton (D:4)
  2 orc wizards (D:3)
  A hound (D:4)
  A worker ant (D:4)
  Robin (D:3)
  An adder (D:2)
  A worm (D:4)
  3 giant geckos
  11 orcs
  2 giant cockroaches (D:4)
  16 goblins
  12 hobgoblins
  2 jackals (D:3)
  5 kobolds
  2 quokkas
  A ball python (D:4)
  11 bats
  3 giant newts (D:1)
  6 rats
83 creatures vanquished.

Notes
Turn   | Place    | Note
--------------------------------------------------------------
     0 | D:1      | Raurakos the Vine Stalker Transmuter began the quest for the Orb.
     0 | D:1      | Reached XP level 1. HP: 9/9 MP: 4/4
    89 | D:1      | Reached XP level 2. HP: 10/14 MP: 6/6
  1110 | D:2      | Reached skill level 4 in Unarmed Combat
  1235 | D:2      | Reached XP level 3. HP: 17/17 MP: 7/7
  1244 | D:2      | Found a shimmering altar of Xom.
  1761 | D:3      | Noticed Robin
  1855 | D:3      | Killed Robin
  1855 | D:3      | Reached XP level 4. HP: 21/21 MP: 8/8
  1907 | D:3      | Found a glowing golden altar of the Shining One.
  1908 | D:3      | Found a sparkling altar of Nemelex Xobeh.
  2015 | D:3      | Reached skill level 5 in Unarmed Combat
  2093 | D:3      | Found a white marble altar of Elyvilon.
  2181 | D:3      | Reached XP level 5. HP: 9/25 MP: 7/9
  2353 | D:3      | Learned a level 3 spell: Spider Form
  2608 | D:4      | Reached skill level 6 in Unarmed Combat
  2626 | D:4      | Gained mutation: You heal very quickly. [Vine Stalker growth]
  2626 | D:4      | Reached XP level 6. HP: 22/29 MP: 6/10
  2901 | D:4      | Noticed ololoev's ghost (average FoSk)
  3281 | D:4      | Noticed a centaur
  3288 | D:4      | Shot with an arrow of frost by a centaur

Vault maps used:
D:1:      dpeg_arrival_round_a, serial_bayou, serial_bayou_lagoon_a,
          serial_bayou_shore_b, serial_bayou_shore_a, serial_bayou_ford_a
D:2:      overflow_temple_1_default, glass_columns_a
D:3:      gammafunk_temple_overflow_pools, overflow_temple_1_default,
          minmay_misc_feat_encased, grunt_decor_arrowhead, uniq_robin
D:4:      minmay_temple_entry_enclosed_plants, uniq_menkaure

Action                   |  1- 3 |  4- 6 || total
-------------------------+-------+-------++-------
Melee: Unarmed           |   104 |   174 ||   278
Throw: Stone             |     2 |     1 ||     3
 Cast: Beastly Appendage |     2 |       ||     2
  Use: Scroll            |     8 |     1 ||     9
 Stab: Sleeping          |       |     4 ||     4
  Eat: Chunk             |     3 |     5 ||     8
